 Dungeon Crawl Stone Soup version 0.29.1 (webtiles) character file.

Game seed: 8295764394989363267

8163 SigmundSlayer the Blocker (level 11, -4/71 HPs)
             Began as a Gargoyle Fighter on Sept 13, 2022.
             Was a Priest of Sif Muna.
             Slain by a thrashing horror (5 damage)
             ... on level 1 of the Abyss.
             The game lasted 00:12:31 (11956 turns).

SigmundSlayer the Blocker (Gargoyle Fighter)       Turns: 11956, Time: 00:12:31

Health: -4/71      AC: 16    Str: 23    XL:     11   Next: 26%
Magic:  16/16      EV:  9    Int:  8    God:    Sif Muna [***...]
Gold:   611        SH:  7    Dex: 13    Spells: 23/23 levels left

rFire   . . .      SeeInvis .   a - +3 flail (freeze)
rCold   . . .      Faith    .   c - +1 buckler
rNeg    + . .      Spirit   .   b - +0 scale mail
rPois   ∞          Reflect  .   (no helmet)
rElec   +          Harm     .   (no cloak)
rCorr   .          Rampage  .   (no gloves)
Will    .....                   (no boots)
Stlth   ..........              (no amulet)
HPRegen 0.21/turn               (no ring)
MPRegen 0.15/turn               (no ring)

@: no status effects
A: sickness immunity, AC +8, negative energy resistance 1, electricity
resistance, torment resistance 1, petrification resistance, agile 1, low MP 2
a: Renounce Religion, Channel Magic, Forget Spell


You were on level 1 of the Abyss.
You worshipped Sif Muna.
Sif Muna was most pleased with you.
You visited 1 branch of the dungeon, and saw 10 of its levels.
You visited the Abyss 1 time.

You collected 611 gold pieces.

Inventory:

Hand Weapons
 a - a +3 flail of freezing (weapon)
 r - a +2 scimitar of flaming
Armour
 b - a +0 scale mail (worn)
 c - a +1 buckler (worn)
Jewellery
 d - a ring of see invisible
 k - a ring of flight
Wands
 e - a wand of flame (72)
 o - a wand of digging (8)
 p - a wand of mindburst (2)
 q - a wand of charming (16)
Scrolls
 f - 2 scrolls of brand weapon
 i - 5 scrolls of magic mapping
 n - 3 scrolls of amnesia
 s - a scroll of poison
Potions
 g - 2 potions of lignification
 h - 2 potions of magic
 l - 4 potions of curing
 m - 4 potions of flight


   Skills:
 + Level 9.1 Fighting
 + Level 8.0 Maces & Flails
 + Level 9.2 Armour
 + Level 9.2 Shields
 - Level 6.5 Spellcasting
 + Level 1.7 Invocations


You had 23 spell levels left.
You didn't know any spells.
Your spell library contained the following spells:

 Spells                   Type           Power      Damage    Failure   Level
 Magic Dart               Conj           8%         1d3       52%         1
 Sting                    Tmut/Pois      8%         1d3       52%         1
 Ensorcelled Hibernation  Hex/Ice        4%         N/A       67%         2
 Poisonous Vapours        Pois/Air       4%         N/A       67%         2
 Searing Ray              Conj           4%         2d4       67%         2
 Ozocubu's Armour         Ice            2%         N/A       88%         3
 Spider Form              Tmut/Pois      2%         N/A       88%         3
 Anguish                  Hex/Necr       1%         N/A       99%         4
 Fulminant Prism          Conj/Hex       1%         3d6       99%         4
 Olgreb's Toxic Radiance  Pois           2%         N/A       99%         4
 Petrify                  Tmut/Erth      2%         N/A       99%         4
 Irradiate                Conj/Tmut      1%         3d12      100%        5
 Metabolic Englaciation   Hex/Ice        1%         N/A       100%        5
 Simulacrum               Ice/Necr       1%         N/A       100%        6
 Ozocubu's Refrigeration  Ice            1%         4d7       100%        7
 Sublimation of Blood     Necr           Unusable   N/A       N/A         2

Dungeon Overview and Level Annotations

Branches:
Dungeon (10/15)            Temple (0/1) D:6             Orc (0/2) D:9
   Lair: D:8-11

Altars:
Cheibriados
Nemelex Xobeh
Okawaru
Sif Muna
Uskayaw
Xom
Zin

Shops:
D:6 *

Annotations:
D:10 2 transporters, Erolcha; Weirdisaac's ghost, journeyman MiFi


Innate Abilities, Weirdness & Mutations

You are immune to sickness and miasma.
Your stone body is resilient. (AC +8)
You are immune to poison.
You resist negative energy. (rN+)
You are resistant to electric shocks. (rElec)
You are resistant to unholy torment.
You are immune to petrification.
You are agile. (Dex +4, Str/Int -1)
Your magical capacity is very low. (-20% MP)


Message History

* * * LOW HITPOINT WARNING * * *
You stumble backwards!
The thrashing horror roars!
The thrashing horror barely misses you.
The thrashing horror tramples you but does no damage.
The thrashing horror roars!
The thrashing horror tramples you but does no damage.
The thrashing horror tramples you.
* * * LOW HITPOINT WARNING * * *
You hold your ground!
A starcursed mass comes into view.
The thrashing horror tramples you but does no damage.
The thrashing horror barely misses you.
A starcursed mass splits.
You block the thrashing horror's attack.
The thrashing horror closely misses you.
A starcursed mass splits.
The thrashing horror roars!
The thrashing horror tramples you but does no damage.
You block the thrashing horror's attack.
The thrashing horror tramples you but does no damage.
You block the thrashing horror's attack.
A starcursed mass splits. x2
A chorus of shrieks assaults your mind.
* * * LOW HITPOINT WARNING * * *
The thrashing horror tramples you.
* * * LOW HITPOINT WARNING * * *
You stumble backwards!
A starcursed mass splits.
The thrashing horror attacks as you move away!
The thrashing horror tramples you.
* * * LOW HITPOINT WARNING * * *
The thrashing horror barely misses you. The thrashing horror tramples you.
* * * LOW HITPOINT WARNING * * *
You hold your ground!
You block the thrashing horror's attack.
A starcursed mass splits.
Okay, then.
The thrashing horror attacks as you move away!
The thrashing horror tramples you.
You die...

#.##........#.###
#.#..#..## ...
##XX#..#.#. .#
#..D.X..... .
###X........
#.#X......... #
#.X..#.....#
#.#...###...#
#.X@..# ....
####....##.
.....§. ..#.#§#
###..#. #.# .


You could see a bone dragon, 6 starcursed masses and a thrashing horror.

Vanquished Creatures
  A two-headed ogre (D:10)
  Erica (D:10)
  Pikel (D:5)
  A manticore (D:9)
  A gargoyle (D:10)
  Maggie (D:9)
  A hornet (D:8)
  Grinder (D:3)
  Sigmund (D:4)
  A shadow (D:10)
  2 wyverns (D:7)
  Eustachio (D:4)
  6 yaks (D:8)
  4 wargs (D:9)
  Edmund (D:4)
  2 orc warriors
  A sky beast (D:7)
  2 black bears
  2 ogres
  3 centaurs
  A bullfrog (D:8)
  2 necrophages
  3 scorpions (D:5)
  9 killer bees
  6 howler monkeys
  2 jellies
  3 hounds
  A gnoll bouda (D:6)
  8 orc priests
  Jessica (D:2)
  Natasha (thrice) (D:4)
  3 iguanas
  7 orc wizards
  14 gnolls
  9 adders
  3 white imps
  2 ufetubi (D:5)
  A worm (D:3)
  2 dart slugs (D:1)
  46 orcs
  7 bats
  3 endoplasms
  A giant cockroach (D:1)
  8 goblins
  8 hobgoblins
  5 jackals
  5 quokkas
  7 ball pythons
  3 frilled lizards
  8 kobolds
  6 rats
221 creatures vanquished.

Vanquished Creatures (others)
  2 plants (D:4)
2 creatures vanquished.

Grand Total: 223 creatures vanquished

Notes
Turn   | Place    | Note
-------+----------+-------------------------------------------
     0 | D:1      | SigmundSlayer the Gargoyle Fighter began the quest for the
                  | Orb.
     0 | D:1      | Reached XP level 1. HP: 14/14 MP: 1/1
   152 | D:1      | Reached XP level 2. HP: 19/19 MP: 2/2
   467 | D:1      | Reached XP level 3. HP: 16/23 MP: 3/3
   770 | D:1      | Found a faded altar of an unknown god.
  1389 | D:2      | Noticed Jessica
  1392 | D:2      | Killed Jessica
  1393 | D:2      | Reached XP level 4. HP: 29/29 MP: 4/4
  1499 | D:2      | Found a shimmering blue altar of Sif Muna.
  1613 | D:2      | Became a worshipper of Sif Muna the Loreminder
  1951 | D:3      | HP: 1/29 [orc priest/divine providence (15)]
  1959 | D:3      | Reached XP level 5. HP: 9/33 MP: 5/5
  2177 | D:3      | Noticed Grinder
  2182 | D:3      | Paralysed by Grinder for 5 turns
  2187 | D:3      | Killed Grinder
  2188 | D:3      | Reached skill level 1 in Spellcasting
  2188 | D:3      | Reached XP level 6. HP: 23/39 MP: 5/8
  3215 | D:4      | Noticed a +0 spear
  3215 | D:4      | Noticed a +0 dagger
  3215 | D:4      | Noticed a +0 short sword
  3215 | D:4      | Noticed a +0 falchion
  3215 | D:4      | Noticed a +0 dagger
  3218 | D:4      | Noticed a +0 short sword
  3234 | D:4      | Reached * piety under Sif Muna
  3234 | D:4      | Noticed Natasha
  3235 | D:4      | Noticed a +0 spear
  3248 | D:4      | Noticed a +0 falchion
  3256 | D:4      | Noticed a black bear
  3265 | D:4      | Killed Natasha
  3266 | D:4      | Reached XP level 7. HP: 30/44 MP: 8/10
  3269 | D:4      | Reached skill level 5 in Fighting
  3269 | D:4      | Reached skill level 5 in Armour
  3269 | D:4      | Reached skill level 5 in Shields
  3663 | D:4      | Noticed Eustachio
  3676 | D:4      | Killed Eustachio
  3883 | D:4      | Reached XP level 8. HP: 50/50 MP: 12/12
  3980 | D:4      | Noticed Natasha
  3997 | D:4      | Killed Natasha
  4135 | D:4      | Found a hide-covered altar of Uskayaw.
  4293 | D:4      | Found an iron altar of Okawaru.
  4294 | D:4      | Noticed Natasha
  4300 | D:4      | Killed Natasha
  4390 | D:4      | Found a glowing silver altar of Zin.
  4392 | D:4      | Noticed an angel
  4462 | D:4      | Noticed Sigmund
  4493 | D:4      | Killed Sigmund
  4640 | D:4      | Noticed Edmund
  4657 | D:4      | Killed Edmund
  4831 | D:5      | Entered Level 5 of the Dungeon
  5008 | D:5      | Noticed Pikel
  5018 | D:5      | Reached skill level 5 in Maces & Flails
  5058 | D:5      | Killed Pikel
  5059 | D:5      | Reached XP level 9. HP: 25/56 MP: 13/15
  5360 | D:5      | Reached ** piety under Sif Muna
  5954 | D:5      | Found a shimmering altar of Xom.
  6234 | D:6      | Found a staircase to the Ecumenical Temple.
  6660 | D:6      | Found Ceam's Assorted Antiques.
  7336 | D:7      | Found a sparkling altar of Nemelex Xobeh.
  7491 | D:7      | Gained mutation: Armour fits poorly on your strangely
                  | shaped body. [potion of mutation]
  7491 | D:7      | Gained mutation: You passively dampen the noise of your
                  | surroundings. [potion of mutation]
  7491 | D:7      | Gained mutation: Your magical capacity is low. (-10% MP)
                  | [potion of mutation]
  7756 | D:7      | Reached skill level 5 in Spellcasting
  7774 | D:7      | Found a shimmering blue altar of Sif Muna.
  8028 | D:8      | Reached XP level 10. HP: 41/63 MP: 16/16
  8038 | D:8      | Lost mutation: Armour fits poorly on your strangely shaped
                  | body. [potion of mutation]
  8038 | D:8      | Lost mutation: You passively dampen the noise of your
                  | surroundings. [potion of mutation]
  8038 | D:8      | Gained mutation: You are agile. (Dex +4, Str/Int -1)
                  | [potion of mutation]
  8038 | D:8      | Gained mutation: Your magical capacity is very low. (-20%
                  | MP) [potion of mutation]
  8189 | D:8      | Reached *** piety under Sif Muna
  9317 | D:9      | Noticed a manticore
  9328 | D:9      | Killed a manticore
  9644 | D:9      | Noticed Maggie
  9657 | D:9      | Killed Maggie
 10027 | D:9      | Found a staircase to the Orcish Mines.
 10388 | D:10     | Entered Level 10 of the Dungeon
 10470 | D:10     | Identified the +7 glaive of Waecew {holy, rElec}
 10484 | D:10     | Noticed a gargoyle
 10493 | D:10     | Killed a gargoyle
 10494 | D:10     | Reached XP level 11. HP: 65/69 MP: 16/16
 10710 | D:10     | Reached **** piety under Sif Muna
 11042 | D:10     | Found a snail-covered altar of Cheibriados.
 11146 | D:10     | Found a transporter.
 11147 | D:10     | Found a transporter.
 11150 | D:10     | Noticed Weirdisaac's ghost (journeyman MiFi)
 11296 | D:10     | Noticed a cyclops
 11337 | D:10     | Noticed Erica
 11355 | D:10     | Killed Erica
 11356 | D:10     | Reached skill level 1 in Invocations
 11397 | D:10     | Noticed a two-headed ogre
 11405 | D:10     | Killed a two-headed ogre
 11815 | D:10     | Noticed Erolcha
 11815 | Abyss:1  | Cast into level 1 of the Abyss (Erolcha)
 11897 | Abyss:1  | Found a corrupted altar of Lugonu.
 11925 | Abyss:1  | Noticed a bone dragon
 11938 | Abyss:1  | Noticed a thrashing horror
 11946 | Abyss:1  | Noticed a starcursed mass
 11955 | Abyss:1  | HP: 1/71 [thrashing horror (5)]
 11956 | Abyss:1  | Slain by a thrashing horror

Illustrated notes

Levels and vault maps discovered:
D:1:      lemuel_arrival_room, layout_rooms, chequers_ecumenical_altar_island
D:2:      layout_rooms, basic_altar, uniq_jessica
D:3:      layout_loops_corners, uniq_grinder
D:4:      layout_loops_cross, zin_angel, nicolae_uskayaw_en_pointe,
          lemuel_tele_altar, sigmund_edmund_badplayer, uniq_eustachio,
          uniq_natasha
D:5:      layout_rooms, tgw_xom, uniq_pikel
D:6:      layout_rooms, minmay_temple_entry_mini_moons, serial_shops,
          nicolae_shop_overgrown_old_shop, minmay_misc_feat_five
D:7:      layout_rooms, nicolae_overflow_crystal_walls, old_standard_altar,
          nicolae_sextant
D:8:      layout_cave_pools
D:9:      layout_roguey, minmay_orc_entry_guard_dogs, minmay_splitting_lines,
          uniq_maggie
D:10:     layout_loops_corners, overflow_temple_1_default, nzn_ghost_randoct,
          st_stairs_6, uniq_fannar, uniq_erica, uniq_erolcha
Abyss:1:  base: D:2, spicy_abyss_pitcher_plant

Skill      XL: |  1  2  3  4  5  6  7  8  9 10 11 |
---------------+----------------------------------+-----
Shields        | 4 5 6 7 8 9 |  9.2
Armour         | 4 5 6 7 8 9 |  9.2
Fighting       | 4 5 6 7 8 9 |  9.1
Maces & Flails | 3 4 5 6 7 8 |  8.0
Spellcasting   | 1 2 4 5 6 |  6.5
Invocations    | 1 |  1.7

Action                   |  1- 3 |  4- 6 |  7- 9 | 10-12 || total
-------------------------+-------+-------+-------+-------++-------
Melee: Flail             |    86 |   110 |   400 |   217 ||   813
Evoke: Wand              |       |       |     5 |       ||     5
  Use: Scroll            |     5 |     6 |    12 |     4 ||    27
       Potion            |       |     2 |     3 |     7 ||    12
 Stab: Invisible         |       |       |       |     1 ||     1
Armor: Scale mail        |    89 |    70 |   230 |   133 ||   522
Dodge: Dodged            |    79 |    52 |   186 |   100 ||   417
Block: Buckler           |    33 |    42 |   138 |    92 ||   305
